 Dungeon Crawl Stone Soup version 0.30-a0-118-ga018f8e90f (webtiles) character file.

Game seed: 6288032041927066578

385 MisterAzrael the Magician (level 7, -5/51 HPs)
             Began as a Djinni Fire Elementalist on Sept 13, 2022.
             Slain by Pikel
             ... wielding a +2 whip of electrocution
              (15 damage)
             ... on level 5 of the Dungeon.
             The game lasted 00:05:10 (3873 turns).

MisterAzrael the Magician (DjFE)                    Turns: 3873, Time: 00:05:10

Health: -5/51      AC:  2    Str:  9    XL:     7   Next: 6%
Gold:   238        EV: 12    Int: 16    God:
                   SH:  0    Dex: 14

rFire   + + +      SeeInvis .    p - staff of fire
rCold   x . .      Faith    .    (no shield)
rNeg    . . .      Spirit   .    a - +0 robe
rPois   ∞          Reflect  .    (no helmet)
rElec   .          Harm     .    (no cloak)
rCorr   .          Rampage  .    (no gloves)
Will    .....                    (boots unavailable)
Stlth   ++........               (no amulet)
HPRegen 0.17/turn                (no ring)
MPRegen 0.00/turn                (no ring)

@: flying
A: sickness immunity, fire resistance 2, cold vulnerability 1, float, innate
caster, HP casting, extra vitality 1
a: no special abilities


You were on level 5 of the Dungeon.
You visited 1 branch of the dungeon, and saw 5 of its levels.

You collected 238 gold pieces.

Inventory:

Hand Weapons
 c - a +3 dagger
Armour
 a - a +0 robe (worn)
 n - a +0 scale mail of fire resistance
Magical Staves
 p - a staff of fire (weapon)
Jewellery
 q - a ring of positive energy
Scrolls
 d - 5 scrolls of identify
 e - a scroll of brand weapon {unknown}
 g - a scroll of poison {unknown}
 j - a scroll of blinking {unknown}
 l - 3 scrolls of silence
 m - 2 scrolls of fog {unknown}
 o - a scroll of fear {unknown}
 s - a scroll of teleportation {unknown}
Potions
 b - a potion of degeneration {unknown}
 f - a potion of attraction {unknown}
 h - a potion of lignification {unknown}
 i - a potion of mutation {unknown}
 k - a potion of resistance {unknown}
 r - a potion of brilliance {unknown}


   Skills:
 + Level 3.9 Fighting
 - Level 2.7 Dodging
 - Level 2.0 Stealth
 * Level 4.3 Spellcasting


You couldn't memorise any spells.
You knew the following spells:

 Your Spells              Type           Power      Damage    Failure   Level
a - Foxfire               Conj/Fire      100%       2x1d9     2%          1
b - Scorch                Fire           52%        2d7       4%          2
c - Kindle Blastsparks    Fire/Tloc/Air  52%        2d14      9%          3
d - Inner Flame           Hex/Fire       26%        N/A       9%          3
e - Flame Wave            Conj/Fire      26%        2d8       26%         4
f - Freeze                Ice            68%        1d8       2%          1
g - Searing Ray           Conj           34%        2d5       4%          2
h - Static Discharge      Conj/Air       34%        3-6/arc   4%          2
Your spell library was empty.

Dungeon Overview and Level Annotations

Branches:
Dungeon (5/15)
 Temple: D:4-7

Altars:
Qazlal

Annotations:
D:4 1 runed translucent door, Crazy Yiuf
D:5 Pikel


Innate Abilities, Weirdness & Mutations

You are immune to sickness and miasma.
You are immune to poison.
Your flesh is very heat resistant. (rF++)
You are vulnerable to cold. (rC-)
You float through the air rather than walking.
You learn spells naturally, not from books.
Your magical power is your life essence.
You have superior vitality. (+4 MHP)


Message History

The fungus is engulfed in blazing flames.
You feel a surge of power!
You conjure some foxfire!
The fungus is engulfed in blazing flames.
A nearby fungus withers and dies. x2; Pikel is engulfed in blazing flames.
Flame seeps out of Pikel.
You feel a surge of power!
You conjure some foxfire!
The foxfire hits Pikel.
Flame seeps out of Pikel.
Pikel is lightly wounded.
The foxfire hits Pikel.
Flame seeps out of Pikel.
Pikel is moderately wounded.
Pikel is engulfed in blazing flames.
Flame seeps out of Pikel.
Your foxfire dissipates!
The foxfire hits Pikel but does no damage.
Pikel is heavily wounded.
Pikel says, "I knew I should've brought a map."
You feel a surge of power!
You conjure some foxfire!
Your foxfire dissipates!
The foxfire hits Pikel.
Flame seeps out of Pikel.
Pikel is heavily wounded.
Pikel is engulfed in blazing flames.
Flame seeps out of Pikel.
You feel a surge of power!
You conjure some foxfire!
The foxfire hits Pikel but does no damage.
Pikel is severely wounded.
The foxfire hits Pikel but does no damage.
Pikel is severely wounded.
Pikel drinks a potion.
Pikel seems to grow stronger.
Pikel attacks as you move away! Pikel barely misses you.
You feel a surge of power!
You conjure some foxfire!
Pikel hits you with a +2 whip of electrocution!
You are electrocuted!
* * * LOW HITPOINT WARNING * * *
Your foxfire dissipates!
The foxfire hits Pikel but does no damage.
Pikel is severely wounded.
Okay, then.
As you read the scroll labelled SUQINA BYTZ, it crumbles to dust.
It is a scroll of identify.
l - 3 scrolls of silence Pikel hits you with a +2 whip of electrocution!
You die...

#.# #.#.PPP...# #.#
#.#.......# #.#
#.#..####5# #(#
#.#..# #5# #.#
#.#..+ #.#
###.####.#†.# #.##
#.......)...####..#
#.#............5..#
#.#######.@K5.5...#
#.# ########### #.#
#.# #######.##
.........#
#####...## #...#
#...##############


You could see Pikel (inner flame, strong) and 3 lemures.

Vanquished Creatures
  Sigmund (D:2)
  A lemure (D:5)
  3 hounds
  An iguana (D:3)
  2 gnolls (D:5)
  3 adders
  A worm (D:2)
  9 orcs
  5 ball pythons
  6 bats
  4 endoplasms
  6 giant cockroaches
  7 goblins
  A hobgoblin (D:2)
  2 jackals (D:3)
  8 kobolds
  3 quokkas
  A frilled lizard (D:3)
  4 rats (D:3)
68 creatures vanquished.

Vanquished Creatures (others)
  254 foxfires
  2 fungi (D:5)
256 creatures vanquished.

Grand Total: 324 creatures vanquished

Notes
Turn   | Place    | Note
-------+----------+-------------------------------------------
     0 | D:1      | MisterAzrael the Djinni Fire Elementalist began the quest
                  | for the Orb.
     0 | D:1      | MisterAzrael set off with the following spells memorised:
                  | Foxfire, Scorch, Kindle Blastsparks, Inner Flame, Flame
                  | Wave.
     0 | D:1      | Reached XP level 1. HP: 15/15 MP: 0/0
   281 | D:1      | Reached XP level 2. HP: 18/21 MP: 0/0
   334 | D:1      | Found a faded altar of an unknown god.
   790 | D:2      | Reached XP level 3. HP: 22/25 MP: 0/0
   790 | D:2      | Learned a level 1 spell: Freeze
   955 | D:2      | Noticed Sigmund
   964 | D:2      | Killed Sigmund
   965 | D:2      | Reached skill level 3 in Spellcasting
   965 | D:2      | Reached XP level 4. HP: 22/34 MP: 0/0
   965 | D:2      | Reached XP level 5. HP: 26/40 MP: 0/0
   965 | D:2      | Learned a level 2 spell: Searing Ray
  1732 | D:3      | Reached XP level 6. HP: 44/46 MP: 0/0
  1987 | D:3      | Found a stormy altar of Qazlal.
  3087 | D:4      | Reached skill level 4 in Spellcasting
  3210 | D:4      | Found a runed translucent door.
  3211 | D:4      | Noticed Crazy Yiuf
  3661 | D:4      | Noticed an ogre
  3715 | D:5      | Entered Level 5 of the Dungeon
  3784 | D:5      | Reached XP level 7. HP: 50/51 MP: 0/0
  3784 | D:5      | Learned a level 2 spell: Static Discharge
  3843 | D:5      | Noticed Pikel
  3873 | D:5      | Slain by Pikel

Illustrated notes

Levels and vault maps discovered:
D:1:      ncdulo_lavacross, layout_rooms, basic_ecumenical_altar
D:2:      layout_loops_cross, minmay_misc_feat_hallway, uniq_sigmund
D:3:      layout_basic, mainiacjoe_overflow_brackets
D:4:      layout_basic, dreamdust_princess_bridge, uniq_crazy_yiuf_cottage
D:5:      layout_basic, nicolae_ru_great_annihilating_truth,
          dreamdust_gnoll_farm, uniq_pikel

Skill      XL: |  1  2  3  4  5  6 |
---------------+-------------------+-----
Stealth        | 2 |  2.0
Fighting       | 2 3 |  3.9
Spellcasting   | 3 4 |  4.3
Dodging        | |  2.7

Action                   |  1- 3 |  4- 6 |  7- 9 || total
-------------------------+-------+-------+-------++-------
Melee: Dagger            |       |    12 |       ||    12
 Cast: Foxfire           |    40 |   116 |     6 ||   162
       Scorch            |       |     4 |     2 ||     6
       Flame Wave        |       |     1 |       ||     1
       Inner Flame       |       |       |     2 ||     2
       Kindle Blastspark |       |       |     1 ||     1
  Use: Scroll            |       |       |     1 ||     1
Armor: Robe              |       |     7 |       ||     7
Dodge: Dodged            |     4 |    33 |     3 ||    40

Table legend: (Time is in decaauts)
 A = Elapsed time spent in this place.
 B = Non-inter-level travel time spent in this place.
 C = Inter-level travel time spent in this place.
 D = Time resting spent in this place.
 E = Time spent auto-exploring this place.
 F = Levels seen in this place.
 G = Mean time per level.
                   A        B        C        D        E       F      G
               +--------+--------+--------+--------+--------+-----+--------+
         Total |   3871 |   3796 |     75 |    100 |   3047 |   5 |  774.2 |
       Dungeon |   3871 |   3796 |     75 |    100 |   3047 |   5 |  774.2 |
               +--------+--------+--------+--------+--------+-----+--------+

Top non-repeatable levels by time:
     D:3: 1216 daAuts
     D:2: 985 daAuts
     D:4: 781 daAuts
     D:1: 729 daAuts
     D:5: 157 daAuts
